wizbiz, chaotic female elven Wizard ------ -------- --------- |....| ##.......|#################........| |....|####|....d.| |..{....| |.^..|####|.d<.dd| #......... |....|# #|......d# ###|.......| ----.-# #--------d # |.......| # # #dd#d@d#f##d##############.*......| ---- # # # # -.------- kGohhG| # # # ### #### ohGGoo # # # # # .kChooo #%# # #### # ## ..GohooG # # # # # -----+- # oGokhh --.---# # # # |......########### oGooho |.....# # -|------# |.....| |..>.| # |..<...|# |.....| |....| ##+......|# ------- |..{.| |.......# ------ -------- wizbiz the Thaumaturge Experience level: 6 Strength: 11 Dexterity: 10 Constitution: 16 Intelligence: 18 Wisdom: 14 Charisma: 10 Health: 0(45) Energy: 1(66) Def: 11 Gold: 10 Moves: 4025 Dungeon seed: FSoUSYp54zc74icJ Game ID: wizbiz_1535159024 Your Inventory: Coins $ - 10 gold pieces Amulets S - an uncursed amulet of ESP Weapons d - 10 cursed -2 darts A - a blessed +1 quarterstaff (weapon in hands) K - a +0 elven dagger L - a +0 dagger M - 3 +0 orcish daggers X - a +0 dart Armor e - a blessed +2 cloak of magic resistance (being worn) q - an uncursed +1 leather armor (being worn) y - an uncursed +0 pair of low boots (being worn) z - an uncursed +0 dwarvish cloak N - an uncursed +3 orcish helm (being worn) Comestibles f - an uncursed food ration Scrolls H - an uncursed scroll of light O - an uncursed scroll of amnesia Q - an uncursed scroll of food detection U - an uncursed scroll of stinking cloud Y - an uncursed scroll of enchant weapon Potions I - an uncursed potion of levitation Rings c - an uncursed ring of conflict (on left hand) R - a cursed -1 ring of adornment Wands b - a wand of enlightenment (0:10) Z - a wand of lightning (0:7) Tools a - an uncursed bag of holding o - an uncursed blindfold W - a magic marker (0:31) Gems n - an uncursed amethyst stone Contents of the bag of holding: 1137 gold pieces an uncursed +0 mummy wrapping an uncursed food ration an uncursed tripe ration 2 uncursed scrolls of blank paper a blessed spellbook of force bolt an uncursed spellbook of identify an uncursed potion of booze a blessed potion of oil an uncursed ring of shock resistance an uncursed ring of sustain ability an uncursed bell a blessed magic marker (0:74) a cursed oil lamp (0:1153) an uncursed tallow candle (0:200) Spells and supernatural/magical abilities: Name Level Category Fail Memory a - force bolt 1 attack 0% 80% I - identify 3 divination 86% 80% W - pray for help -- divine ? -- Your skills at the end: Fighting Skills Weapon Skills quarterstaff [Basic] Spellcasting Skills attack spells [Basic] enchantment spells [Basic] Final Attributes: You were piously aligned. You were sleep resistant. You were magic-protected. You were blinded. You were telepathic. You had infravision. You caused conflict. You were lucky. You are dead. Vanquished creatures: a brown pudding a jaguar a raven a pony 2 fog clouds a shrieker a gnome lord a kobold mummy 3 floating eyes a kitten a kobold lord 5 hill orcs 2 rothes a wererat a werejackal 2 iguanas 2 acid blobs 2 coyotes 2 hobbits a large kobold a hobgoblin 3 giant rats 2 brown molds 2 yellow molds a green mold a gnome zombie 4 geckos 6 jackals 3 foxes a kobold 2 goblins 9 grid bugs 4 bats 3 lichens a kobold zombie 13 newts 88 creatures vanquished. Voluntary challenges: You used a wielded weapon 99 times, starting on turn 119. You read items or engraved 2 times, starting on turn 453. You never genocided any monsters. You never polymorphed an object. You never changed form. You used no wishes. You never split a pudding. You wrote Elbereth's name 1 time, starting on turn 4018. You never violated your personal moral code. Dungeon overview: The Dungeons of Doom: levels 1 to 9 Level 1 an altar to Anhur a long staircase Level 2 some altars to Ptah and Anhur Level 3 an armor shop, a fountain Level 4 stairs to The Gnomish Mines Level 5 a fountain, a sink Level 6 some fountains Level 7 many fountains Level 8 <- You were here some fountains stairs to Sokoban Level 9 The Gnomish Mines: Level 5 stairs to The Dungeons of Doom Sokoban: Level 7 stairs to The Dungeons of Doom History has recorded: On T:1 you entered the Dungeons of Doom to retrieve the Amulet of Yendor! On T:335 you reached level 2 of The Dungeons of Doom. On T:533 you advanced to experience level 2. On T:647 you reached level 3 of The Dungeons of Doom. On T:906 you advanced to experience level 3. On T:952 you reached level 4 of The Dungeons of Doom. On T:1526 you advanced to experience level 4. On T:1674 you reached level 5 of The Dungeons of Doom. On T:1721 you reached level 1 of The Gnomish Mines. On T:2473 you reached level 6 of The Dungeons of Doom. On T:2536 you advanced to experience level 5. On T:2871 you reached level 7 of The Dungeons of Doom. On T:3375 you reached level 8 of The Dungeons of Doom. On T:3395 you advanced to experience level 6. On T:3410 you reached level 9 of The Dungeons of Doom. On T:3594 you reached level 4 of Sokoban. Score breakdown: Gold: 1147 (10408 points) Experience: 6 levels (12456 points) Exploration: 9 levels ( 18.37%) (12247 points) Discoveries: 6 items ( 2.16%) ( 4407 points) Valuables value: (no points given unless you survive) Artifact value: 0 ( 0 points) Variety of kills: 36 monsters ( 9.45%) ( 9221 points) Turncount: 4025 turns (-1034 points) Survival: died (score multiplied by 80%) Total score: 38164 Latest messages: You are now wearing a ring of conflict. You hear some noises. The blast of frost hits you! Your orange potion freezes and shatters! The blast of frost hits the werewolf! The blast of frost hits it. You hear some noises in the distance. The werewolf summons help! You feel hemmed in. You hear some noises. You hear some noises in the distance. You hear some noises. The winter wolf bites! You hear some noises in the distance. You hear some noises. The bolt of lightning bounces! The bolt of lightning whizzes by you! You are blinded by the flash! The bolt of lightning bounces! The bolt of lightning hits you! You die... Final status: Goodbye wizbiz the Wizard, killed by a bolt of lightning... You died in The Dungeons of Doom on dungeon level 8 with 38164 points, and 1147 pieces of gold, after 4025 moves. You were level 6 with a maximum of 45 hit points when you died.